 Dungeon Crawl Stone Soup version 0.29-a0-557-g43b9904bd1 (webtiles) character file.

Game seed: 14511393477791883932

11 MylesGorder the Stinger (level 2, 0/13 HPs)
             Began as a Spriggan Venom Mage on June 8, 2022.
             Slain by a kobold
             ... wielding a +0 whip
              (4 damage)
             ... on level 1 of the Dungeon.
             The game lasted 00:02:46 (310 turns).

MylesGorder the Stinger (Spriggan Venom Mage)        Turns: 310, Time: 00:02:47

Health: 0/13       AC:  2    Str:  4    XL:     2   Next: 17%
Magic:  5/6        EV: 17    Int: 16    God:
Gold:   50         SH:  0    Dex: 15    Spells: 3/6 levels left

rFire   . . .      SeeInvis +   (weapon restricted)
rCold   . . .      Faith    .   (no shield)
rNeg    . . .      Spirit   .   a - +0 robe
rPois   .          Reflect  .   (helmet restricted)
rElec   .          Harm     .   (no cloak)
rCorr   .          Rampage  .   (gloves unavailable)
Will    .....                   (boots unavailable)
Stlth   ++........              (no amulet)
HPRegen 0.04/turn               (no ring)
MPRegen 0.10/turn               (no ring)

@: very quick
A: very small, no large weapons, unfitting armour, see invisible, speed 3
a: no special abilities


You were on level 1 of the Dungeon.
You visited 1 branch of the dungeon, and saw 1 of its levels.

You collected 50 gold pieces.

Inventory:

Armour
 a - a +0 robe (worn)
Potions
 b - a potion of magic


   Skills:
 + Level 2.9 Dodging
 + Level 3.0 Stealth
 + Level 2.9 Spellcasting
 + Level 1.5 Transmutations
 + Level 3.3 Poison Magic


You had 3 spell levels left.
You knew the following spells:

 Your Spells              Type           Power      Damage    Failure   Level
a - Sting                 Tmut/Pois      40%        1d5       7%          1
b - Poisonous Vapours     Pois/Air       14%        N/A       14%         2

Your spell library contained the following spells:

 Spells                   Type           Power      Damage    Failure   Level
 Mephitic Cloud           Conj/Pois/Air  5%         N/A       34%         3
 Olgreb's Toxic Radiance  Pois           13%        N/A       43%         4


Dungeon Overview and Level Annotations

Branches:
Dungeon (1/15)

Altars:


Innate Abilities, Weirdness & Mutations

You are very small and have problems with some larger weapons.
You are too small for most types of armour.
You have supernaturally acute eyesight. (SInv)
You cover ground extremely quickly. (Speed+++)


Message History

You hit the hobgoblin but do no damage. The hobgoblin misses you.
You barely miss the hobgoblin. The hobgoblin barely misses you.
The kobold throws a stone.
The stone completely misses you.
You barely miss the hobgoblin. The hobgoblin closely misses you.
The kobold throws a stone.
The stone hits you.
You barely miss the hobgoblin.
A kobold comes into view. It is wielding a +0 dagger.
The rat barely misses you. The hobgoblin closely misses you.
You closely miss the hobgoblin. The rat closely misses you.
The hobgoblin barely misses you.
You hit the hobgoblin but do no damage. The rat misses you.
The hobgoblin hits you.
The kobold shouts!
You hit the hobgoblin but do no damage.
You hear a shout!
The rat bites you. The hobgoblin completely misses you.
You hit the hobgoblin.
The hobgoblin is moderately wounded.
The rat barely misses you. The hobgoblin closely misses you.
The kobold throws a stone.
The stone hits you but does no damage.
You closely miss the hobgoblin.
The hobgoblin is moderately wounded.
The rat closely misses you. The hobgoblin closely misses you.
You closely miss the hobgoblin.
The hobgoblin is moderately wounded.
The kobold throws a stone.
The stone misses you. The rat closely misses you.
The hobgoblin closely misses you.
The kobold throws a stone.
The stone misses you.
You hit the hobgoblin.
The hobgoblin is heavily wounded.
The rat bites you but does no damage. The hobgoblin hits you.
You barely miss the hobgoblin.
The hobgoblin is heavily wounded.
The rat misses you. The hobgoblin hits you. The kobold closely misses you.
You barely miss the hobgoblin.
The hobgoblin is heavily wounded.
The rat barely misses you.
The hobgoblin hits you but does no damage.
The kobold hits you with a +0 whip.
You die...

.#.(..#..#####
..#..#.......#
....#.#.......#
#.#
.....#........#
#.#
..##...(.....#
#.#
###...........#
#.#####
..........$...#
#.....
......rKK.....#
....###
###).g@......#
......#
####†.######
.)....# #.##
.....(# #.#
......# #.#
...#### ##.#
##.#######
##..# #.......#
#..##
####.....# #.##


You could see a hobgoblin, 2 kobolds and a rat.

Vanquished Creatures
  A giant cockroach (D:1)
  5 goblins (D:1)
  2 hobgoblins (D:1)
  A kobold (D:1)
  A rat (D:1)
10 creatures vanquished.

Notes
Turn   | Place    | Note
-------+----------+-------------------------------------------
     0 | D:1      | MylesGorder the Spriggan Venom Mage began the quest for the
                  | Orb.
     0 | D:1      | Reached XP level 1. HP: 9/9 MP: 5/5
   273 | D:1      | Reached XP level 2. HP: 13/13 MP: 4/6
   277 | D:1      | Learned a level 2 spell: Poisonous Vapours
   310 | D:1      | Slain by a kobold

Illustrated notes

Levels and vault maps discovered:
D:1:      sevenhm_arrival_forest_fort_large_2, layout_rooms, minmay_circled_x

Action                   || total
-------------------------++-------
Melee: Unarmed           ||    14
 Cast: Sting             ||    12
Armor: Robe              ||     3
Dodge: Dodged            ||    22

Table legend: (Time is in decaauts)
 A = Elapsed time spent in this place.
 B = Non-inter-level travel time spent in this place.
 C = Inter-level travel time spent in this place.
 D = Time resting spent in this place.
 E = Time spent auto-exploring this place.
 F = Levels seen in this place.
 G = Mean time per level.
                   A        B        C        D        E       F      G
               +--------+--------+--------+--------+--------+-----+--------+
         Total |    232 |    232 |      0 |      0 |    163 |   1 |  232.0 |
       Dungeon |    232 |    232 |      0 |      0 |    163 |   1 |  232.0 |
               +--------+--------+--------+--------+--------+-----+--------+

Top non-repeatable levels by time:
     D:1: 232 daAuts
